 Dungeon Crawl Stone Soup version 0.30.0 (webtiles) character file.

Game seed: 14556539352244158565

127 AlmostAGhost the Slasher (level 4, -1/34 HPs)
             Began as a Demonspawn Gladiator on May 6, 2023.
             Was a High Priest of Ignis.
             Slain by an orc wizard
             ... wielding a +1 dagger of electrocution
              (3 damage)
             ... on level 4 of the Dungeon.
             The game lasted 00:09:58 (2646 turns).

AlmostAGhost the Slasher (Demonspawn Gladiator)     Turns: 2646, Time: 00:09:58

Health: -1/34      AC:  8    Str: 16    XL:     4   Next: 85%
Magic:  4/4        EV: 11    Int: 10    God:    Ignis [*****.]
Gold:   145        SH:  0    Dex: 14    Spells: 3/3 levels left

rFire   + + .        u - +2 rapier of Dissolution {drain, rPois}
rCold   + . .        (no shield)
rNeg    . . .        p - +0 ring mail
rPois   +            c - +0 helmet
rElec   +            (no cloak)
rCorr   +            (no gloves)
SInv    .            (no boots)
Will    .....        (no amulet) Stlth
                     (no ring)
HPRegen 0.25/turn    (no ring)
MPRegen 0.09/turn

%: no passive effects
@: confused, resistant, flying
A: slimy green scales 1, weakness stinger 1
a: Renounce Religion, Fiery Armour, Foxfire Swarm, Rising Flame


You were on level 4 of the Dungeon.
You worshipped Ignis.
Ignis was extremely pleased with you.
You visited 1 branch of the dungeon, and saw 4 of its levels.

You collected 145 gold pieces.

Inventory:

Hand Weapons
 a - a +0 long sword
 u - the +2 rapier of Dissolution (weapon) {drain, rPois}
   (You found it on level 2 of the Dungeon)

   rPois:     It protects you from poison.
Missiles
 d - 3 throwing nets (quivered)
 e - a javelin
Armour
 b - a +0 leather armour
 c - a +0 helmet (worn)
 p - a +0 ring mail (worn)
Magical Staves
 j - a staff of cold
Jewellery
 z - an amulet of faith
Wands
 y - a wand of polymorph (10)
Scrolls
 g - a scroll of poison
 i - a scroll of blinking
 k - a scroll of noise
 m - a scroll of teleportation {unknown}
 n - a scroll of torment
 o - 2 scrolls of fog {unknown}
 q - 2 scrolls of silence {unknown}
 r - a scroll of amnesia {unknown}
 v - a scroll of enchant weapon {unknown}
 x - 2 scrolls of fear {unknown}
 B - a scroll of immolation {unknown}
Potions
 f - 2 potions of cancellation
 h - 2 potions of curing {unknown}
 l - a potion of might {unknown}
 s - a potion of flight
 t - a potion of haste {unknown}
 w - a potion of lignification {unknown}


   Skills:
 + Level 2.6 Fighting
 + Level 1.1(2.6) Short Blades
 + Level 3.6(3.8) Long Blades
 + Level 1.8 Throwing
 + Level 1.1 Armour
 + Level 3.2 Dodging
 + Level 1.1 Stealth


You had 3 spell levels left.
You didn't know any spells.
Your spell library contained the following spells:

 Spells                   Type           Power      Damage    Failure   Level
 Magic Dart               Conj           0%         1d3       58%         1
 Searing Ray              Conj           0%         2d4       73%         2
 Fulminant Prism          Conj/Hex       0%         3d5       100%        4


Dungeon Overview and Level Annotations

Branches:
Dungeon (4/15)
 Temple: D:4-7

Altars:
Cheibriados
Wu Jian
Ignis


Innate Abilities, Weirdness & Mutations

You are partially covered in slimy green scales. (AC +2)
You have a small tail.


Message History

The orc wizard casts a spell at you. The magic dart hits you.
The orc wizard mumbles some strange words.
The orc wizard flickers and vanishes!
Something hits you but does no damage.
No target in view!
No target in view!
No target in view!
No target in view!
Something hits you.
You hit something but do no damage.
You hear some strange, mumbled words.
You are confused.
Something hits you.
You bump into the crystal wall.
Something hits you. x2
You bump into the rock wall.
Something hits you but does no damage. Something hits you.
It was a potion of resistance.
You feel protected. Something hits you but does no damage.
You hear some strange, mumbled words.
You are more confused.
You miss something.
Your tail-slap misses something.
Your punch misses something. Something hits you.
Something hits you but does no damage. Something hits you.
* * * LOW HITPOINT WARNING * * *
Something hits you but does no damage. Something hits you.
* * * LOW HITPOINT WARNING * * *
Something hits you but does no damage.
You hit something.
Your tail-slap misses something.
Something hits you.
* * * LOW HITPOINT WARNING * * *
Something hits you but does no damage.
You're too confused to move!
Something hits you.
* * * LOW HITPOINT WARNING * * *
Something hits you but does no damage.
You are too injured to fight recklessly!
It was a potion of flight.
You feel very buoyant.
You fly up into the air.
Something hits you.
You die...

#......#..###.
#......#......
#......#.#...†
########......+.<....
#.............#.#####
###.####.##+#.###.#
#...####.##.#.# #.
#..{.{)##...# #.
#...#.@#.###### ## #.
#..#..# ....# .....
#...# .#.....# #..#
#....... #.. ..##+##
#. .# #


There were no monsters in sight!

Vanquished Creatures
  3 adders
  A white imp (D:3)
  2 worms (D:2)
  2 dart slugs
  4 orcs
  6 endoplasms
  3 giant cockroaches
  7 goblins
  5 hobgoblins
  13 jackals
  4 kobolds
  3 quokkas
  6 ball pythons
  4 bats
  3 frilled lizards
  7 rats
73 creatures vanquished.

Vanquished Creatures (others)
  A quokka (D:4)
1 creature vanquished.

Grand Total: 74 creatures vanquished

Notes
Turn   | Place    | Note
-------+----------+-------------------------------------------
     0 | D:1      | AlmostAGhost the Demonspawn Gladiator began the quest for
                  | the Orb.
     0 | D:1      | Reached XP level 1. HP: 16/16 MP: 1/1
    60 | D:1      | Found a faded altar of an unknown god.
    65 | D:1      | Prayed at the altar of an unknown god.
    65 | D:1      | Became a worshipper of Ignis, the Dying Flame
   282 | D:1      | Gained mutation: You have a small tail. [demonic ancestry]
   282 | D:1      | Reached XP level 2. HP: 22/22 MP: 2/2
  1000 | D:2      | Reached XP level 3. HP: 26/28 MP: 3/3
  1475 | D:2      | Identified the +2 rapier of Dissolution {drain, rPois}
  1849 | D:3      | Found an ornate altar of the Wu Jian Council.
  1892 | D:3      | Gained mutation: You are partially covered in slimy green
                  | scales. (AC +2) [demonic ancestry]
  1892 | D:3      | Reached XP level 4. HP: 27/34 MP: 4/4
  2010 | D:3      | Found a snail-covered altar of Cheibriados.
  2130 | D:3      | Reached skill level 1 in Stealth
  2396 | D:3      | Reached skill level 1 in Armour
  2557 | D:4      | Reached skill level 1 in Short Blades
  2646 | D:4      | Slain by an orc wizard

Illustrated notes

Levels and vault maps discovered:
D:1:      matt_arrival_los_fun, layout_basic,
          hellmonk_ecumenical_altar_leap_of_faith
D:2:      layout_basic
D:3:      layout_basic, mainiacjoe_overflow_large_starburst,
          minmay_misc_feat_five, dk_noncrumbling_3
D:4:      cheibrodos_thug_alley, layout_basic, elyvilon_altar_4,
          minmay_temple_entry_statues_fountains, minmay_misc_feat_diagonals,
          chequers_garden

Skill      XL: |  1  2  3  4 |
---------------+-------------+-----
Dodging        | 3 |  3.2
Long Blades    | 3 |  3.6
Stealth        | 1 |  1.1
Armour         | 1 |  1.1
Short Blades   | 1 |  1.1
Fighting       | |  2.6
Throwing       | |  1.8

Action                     |  1- 3 |  4- 6 || total
---------------------------+-------+-------++-------
  Melee: Long sword        |    88 |       ||    88
         Tailslap          |    10 |     4 ||    14
         Rapier            |    20 |    68 ||    88
         Punch             |     1 |     2 ||     3
    Use: Scroll            |       |     4 ||     4
         Potion            |       |     3 ||     3
   Stab: Sleeping          |     4 |       ||     4
 Armour: Leather armour    |    23 |       ||    23
         Ring mail         |    11 |    45 ||    56
  Dodge: Dodged            |    65 |    50 ||   115
